TOP OF THE 1ST |
Myrtle Beach Mermen batting - Pitching for Sun Prairie Swallows : RHP Jim Unknown
|
Pitching: RHP Jim Unknown
|
|
Batting: RHB Scott Peterson
|
0-0: Ball 1-0: Called Strike 1-1: Foul Ball, location: 2F 1-2: Ground out 3-1 (Groundball, 4)
|
Batting: SHB David Vázquez
|
0-0: Fly out, F8 (Popup, 4D)
|
Batting: RHB Oliver Aranda
|
0-0: Ball 1-0: Ball 2-0: Ball 3-0: Called Strike 3-1: Fly out, F9 (Line Drive, 89S)
|
Top of the 1st over - 0 run(s), 0 hit(s), 0 error(s), 0 left on base; Myrtle Beach 0 - Sun Prairie 0 |
BOTTOM OF THE 1ST |
Sun Prairie Swallows batting - Pitching for Myrtle Beach Mermen : LHP Jason Puckett
|
Pitching: LHP Jason Puckett
|
|
Batting: RHB Jim Unknown
|
0-0: Ball 1-0: Foul Ball, location: 2F 1-1: Ball 2-1: Foul Ball, location: 2F 2-2: Hit by Pitch
|
Batting: LHB Jim Unknown
|
0-0: Ball 1-0: Called Strike 1-1: Ball 2-1: Ball 3-1: Called Strike 3-2: Strikes out swinging
|
Batting: RHB Juan Tapia
|
0-0: SINGLE (Groundball, 56D) Jim Unknown to second
|
Batting: RHB Jim Unknown
|
0-0: Called Strike 0-1: Called Strike 0-2: Ball 1-2: SINGLE (Line Drive, 56) Jim Unknown to third Juan Tapia to second Runner from 3rd tries for Home, SAFE, no throw or cutoff
|
Batting: RHB Jim Unknown
|
0-0: Ball 1-0: Ball 2-0: Called Strike 2-1: Foul Ball, location: 2F 2-2: Ball 3-2: Base on Balls Juan Tapia to third Jim Unknown to second
|
Batting: LHB Jim Unknown
|
0-0: Ball 1-0: Ball 2-0: Ball 3-0: Called Strike 3-1: Foul Ball, location: 2F 3-2: Fly out, F9 (Flyball, 89XD) Runner from 3rd tags up, SCORES, no throw Jim Unknown to third
|
Batting: LHB Jim Unknown
|
0-0: Foul Ball, location: 2F 0-1: Ball 1-1: Ball 2-1: Ball 3-1: Swinging Strike 3-2: Base on Balls Jim Unknown to second
|
Batting: LHB Jim Unknown
|
0-0: DOUBLE (Flyball, 89M) Jim Unknown scores Jim Unknown scores Jim Unknown to third Runner from 3rd tries for Home, SAFE, no throw or cutoff
|
Batting: RHB Jim Unknown
|
0-0: Called Strike 0-1: Ball 1-1: Foul Ball, location: 2F 1-2: Ground out 5-3 (Groundball, 5L)
|
Bottom of the 1st over - 5 run(s), 3 hit(s), 0 error(s), 1 left on base; Myrtle Beach 0 - Sun Prairie 5 |
TOP OF THE 2ND |
Myrtle Beach Mermen batting - Pitching for Sun Prairie Swallows : RHP Jim Unknown
|
Batting: SHB Carlos Carranza
|
0-0: Ball 1-0: Foul Ball, location: 2F 1-1: DOUBLE (Groundball, 5)
|
Batting: RHB Álex Rodríguez
|
0-0: Ball 1-0: Fly out, F1 (Line Drive, 13)
|
Batting: LHB Steven Johnstone
|
0-0: Ball 1-0: SINGLE (Line Drive, 7S) Carlos Carranza to third Runner from 3rd tries for Home, SAFE, no throw or cutoff
|
Batting: RHB José Caballero
|
0-0: Called Strike 0-1: Called Strike 0-2: Ball 1-2: Strikes out looking
|
Batting: SHB Val Brown
|
0-0: Called Strike 0-1: Ball 1-1: Ball 2-1: Ball 3-1: Foul Ball, location: 2F 3-2: Strikes out swinging
|
Top of the 2nd over - 1 run(s), 2 hit(s), 0 error(s), 1 left on base; Myrtle Beach 1 - Sun Prairie 5 |
BOTTOM OF THE 2ND |
Sun Prairie Swallows batting - Pitching for Myrtle Beach Mermen : LHP Jason Puckett
|
Batting: RHB Jim Unknown
|
0-0: Ball 1-0: Fly out, F7 (Flyball, 7M)
|
Batting: LHB Jim Unknown
|
0-0: Ball 1-0: Foul Ball, location: 2F 1-1: Ball 2-1: Fly out, F8 (Line Drive, 8LS)
|
Batting: RHB Juan Tapia
|
0-0: Called Strike 0-1: Ground out 6-3 (Groundball, 6)
|
Bottom of the 2nd over - 0 run(s), 0 hit(s), 0 error(s), 0 left on base; Myrtle Beach 1 - Sun Prairie 5 |
TOP OF THE 3RD |
Myrtle Beach Mermen batting - Pitching for Sun Prairie Swallows : RHP Jim Unknown
|
Batting: RHB Ángelo Saldaña
|
0-0: Swinging Strike 0-1: Called Strike 0-2: Ball 1-2: Ball 2-2: Ball 3-2: Foul Ball, location: 2F 3-2: Foul Ball, location: 2F 3-2: Strikes out swinging
|
Batting: RHB Scott Peterson
|
0-0: Ball 1-0: Foul Ball, location: 2F 1-1: Swinging Strike 1-2: Ball 2-2: Foul Ball, location: 2F 2-2: Foul Ball, location: 2F 2-2: Ball 3-2: Ground out 4-3 (Groundball, 4)
|
Batting: SHB David Vázquez
|
0-0: Called Strike 0-1: Fly out, F7 (Flyball, 8LM)
|
Top of the 3rd over - 0 run(s), 0 hit(s), 0 error(s), 0 left on base; Myrtle Beach 1 - Sun Prairie 5 |
BOTTOM OF THE 3RD |
Sun Prairie Swallows batting - Pitching for Myrtle Beach Mermen : LHP Jason Puckett
|
Batting: RHB Jim Unknown
|
0-0: Ball 1-0: Ball 2-0: Foul Ball, location: 2F 2-1: Ground out 4-3 (Groundball, 13)
|
Batting: RHB Jim Unknown
|
0-0: Fly out, F8 (Flyball, 8LS)
|
Batting: LHB Jim Unknown
|
0-0: Swinging Strike 0-1: Ball 1-1: Called Strike 1-2: Strikes out swinging
|
Bottom of the 3rd over - 0 run(s), 0 hit(s), 0 error(s), 0 left on base; Myrtle Beach 1 - Sun Prairie 5 |
TOP OF THE 4TH |
Myrtle Beach Mermen batting - Pitching for Sun Prairie Swallows : RHP Jim Unknown
|
Batting: RHB Oliver Aranda
|
0-0: Called Strike 0-1: Foul Ball, location: 2F 0-2: Ball 1-2: Foul Ball, location: 2F 1-2: Strikes out looking
|
Batting: SHB Carlos Carranza
|
0-0: Called Strike 0-1: Fly out, F8 (Flyball, 8LXD)
|
Batting: RHB Álex Rodríguez
|
0-0: Ground out 4-3 (Groundball, 13)
|
Top of the 4th over - 0 run(s), 0 hit(s), 0 error(s), 0 left on base; Myrtle Beach 1 - Sun Prairie 5 |
BOTTOM OF THE 4TH |
Sun Prairie Swallows batting - Pitching for Myrtle Beach Mermen : LHP Jason Puckett
|
Batting: LHB Jim Unknown
|
0-0: Called Strike 0-1: Ball 1-1: Foul Ball, location: 2F 1-2: SINGLE (Flyball, 9M)
|
Batting: LHB Jim Unknown
|
0-0: Foul Ball, location: 2F 0-1: Called Strike 0-2: Ball 1-2: Fly out, F7 (Flyball, 7M)
|
Batting: RHB Jim Unknown
|
0-0: Called Strike 0-1: Called Strike 0-2: SINGLE (Groundball, 6MD) Jim Unknown to second
|
Batting: RHB Jim Unknown
|
0-0: Foul Ball, location: 2F 0-1: Foul Ball, location: 2F 0-2: Ball 1-2: Ball 2-2: Foul Ball, location: 2F 2-2: Foul Ball, location: 2F 2-2: Fly out, F8 (Flyball, 8RM)
|
Batting: LHB Jim Unknown
|
0-0: Called Strike 0-1: Ground out U3 (Groundball, 3)
|
Bottom of the 4th over - 0 run(s), 2 hit(s), 0 error(s), 2 left on base; Myrtle Beach 1 - Sun Prairie 5 |
TOP OF THE 5TH |
Myrtle Beach Mermen batting - Pitching for Sun Prairie Swallows : RHP Jim Unknown
|
Batting: LHB Steven Johnstone
|
0-0: Called Strike 0-1: Foul Ball, location: 2F 0-2: Foul Ball, location: 2F 0-2: Ball 1-2: Ball 2-2: Strikes out looking
|
Batting: RHB José Caballero
|
0-0: Swinging Strike 0-1: Swinging Strike 0-2: Ball 1-2: Strikes out swinging
|
Batting: SHB Val Brown
|
0-0: Foul Ball, location: 2F 0-1: Fly out, F7 (Line Drive, 78S)
|
Top of the 5th over - 0 run(s), 0 hit(s), 0 error(s), 0 left on base; Myrtle Beach 1 - Sun Prairie 5 |
BOTTOM OF THE 5TH |
Sun Prairie Swallows batting - Pitching for Myrtle Beach Mermen : LHP Jason Puckett
|
Batting: RHB Juan Tapia
|
0-0: Ball 1-0: Called Strike 1-1: Ball 2-1: Ball 3-1: Base on Balls
|
Batting: RHB Jim Unknown
|
0-0: Foul Ball, location: 2F 0-1: Ball 1-1: DOUBLE (Groundball, 5L) Juan Tapia to third
|
Batting: RHB Jim Unknown
|
0-0: Ball 1-0: Foul Ball, location: 2F 1-1: Called Strike 1-2: Ball 2-2: Foul Ball, location: 2F 2-2: Ground out 6-3 (Groundball, 6M) Juan Tapia scores Jim Unknown to third
|
Pitching: RHP Andrés Ventura
|
|
Batting: LHB Jim Unknown
|
0-0: Ball 1-0: Ball 2-0: Ball 3-0: Called Strike 3-1: Called Strike 3-2: Foul Ball, location: 2F 3-2: Strikes out swinging
|
Batting: LHB Jim Unknown
|
0-0: Ball 1-0: Ball 2-0: Ball 3-0: Base on Balls
|
Batting: LHB Jim Unknown
|
0-0: Ball 1-0: Ball 2-0: Fly out, F9 (Line Drive, 9M)
|
Bottom of the 5th over - 1 run(s), 1 hit(s), 0 error(s), 2 left on base; Myrtle Beach 1 - Sun Prairie 6 |
TOP OF THE 6TH |
Myrtle Beach Mermen batting - Pitching for Sun Prairie Swallows : RHP Jim Unknown
|
Batting: RHB Ángelo Saldaña
|
0-0: Ball 1-0: Swinging Strike 1-1: Ball 2-1: Swinging Strike 2-2: Foul Ball, location: 2F 2-2: Strikes out swinging
|
Batting: RHB Scott Peterson
|
0-0: Ball 1-0: Called Strike 1-1: Foul Ball, location: 2F 1-2: Ground out 3-1 (Groundball, 34S)
|
Batting: SHB David Vázquez
|
0-0: Ground out U3 (Groundball, 3)
|
Top of the 6th over - 0 run(s), 0 hit(s), 0 error(s), 0 left on base; Myrtle Beach 1 - Sun Prairie 6 |
BOTTOM OF THE 6TH |
Sun Prairie Swallows batting - Pitching for Myrtle Beach Mermen : RHP Andrés Ventura
|
Batting: RHB Jim Unknown
|
0-0: SOLO HOME RUN (Flyball, 78XD), Distance : 440 ft
|
Batting: RHB Jim Unknown
|
0-0: Ground out 5-3 (Groundball, 5L)
|
Batting: LHB Jim Unknown
|
0-0: SINGLE (Line Drive, 34)
|
Batting: RHB Juan Tapia
|
0-0: Foul Ball, location: 2F 0-1: Ball 1-1: Foul Ball, location: 2F 1-2: Foul Ball, location: 2F Pickoff Throw to First - Error! E1 Jim Unknown to second 1-2: Foul Ball, location: 2F 1-2: Ball 2-2: Foul Ball, location: 2F 2-2: Foul Ball, location: 2F 2-2: Ball 3-2: Base on Balls
|
Batting: RHB Jim Unknown
|
0-0: Ball 1-0: Called Strike 1-1: Foul Ball, location: 2F 1-2: SINGLE (Groundball, 56) (infield hit) Jim Unknown to third Juan Tapia to second
|
Batting: RHB Jim Unknown
|
0-0: Called Strike 0-1: Fielders Choice at 2nd, 2-4 (Groundball, 2L) Jim Unknown scores Juan Tapia to third
|
Pitching: RHP Mauro Guzmán
|
|
Batting: LHB Jim Unknown
|
0-0: Called Strike 0-1: Called Strike 0-2: Fly out, F6 (Popup, 8LS)
|
Bottom of the 6th over - 2 run(s), 3 hit(s), 1 error(s), 2 left on base; Myrtle Beach 1 - Sun Prairie 8 |
TOP OF THE 7TH |
Myrtle Beach Mermen batting - Pitching for Sun Prairie Swallows : RHP Jim Unknown
|
Batting: RHB Oliver Aranda
|
0-0: Ball 1-0: Foul Ball, location: 2F 1-1: Ball 2-1: Fly out, F9 (Flyball, 9D)
|
Batting: SHB Carlos Carranza
|
0-0: Swinging Strike 0-1: Foul Ball, location: 2F 0-2: Ground out 4-3 (Groundball, 34)
|
Batting: RHB Álex Rodríguez
|
0-0: Ball 1-0: Ball 2-0: DOUBLE (Flyball, 89XD)
|
Batting: LHB Steven Johnstone
|
0-0: Ball 1-0: Swinging Strike 1-1: Ground out 4-3 (Groundball, 4)
|
Top of the 7th over - 0 run(s), 1 hit(s), 0 error(s), 1 left on base; Myrtle Beach 1 - Sun Prairie 8 |
BOTTOM OF THE 7TH |
Sun Prairie Swallows batting - Pitching for Myrtle Beach Mermen : RHP Mauro Guzmán
|
Batting: LHB Jim Unknown
|
0-0: Fly out, F7 (Flyball, 78M)
|
Batting: LHB Jim Unknown
|
0-0: Ball 1-0: Ball 2-0: Ball 3-0: Base on Balls
|
Batting: RHB Jim Unknown
|
0-0: Swinging Strike 0-1: Ball 1-1: Grounds into double play, 5-4-3 (Groundball, 5)
|
Bottom of the 7th over - 0 run(s), 0 hit(s), 0 error(s), 0 left on base; Myrtle Beach 1 - Sun Prairie 8 |
TOP OF THE 8TH |
Myrtle Beach Mermen batting - Pitching for Sun Prairie Swallows : RHP Jim Unknown
|
Batting: RHB José Caballero
|
0-0: Swinging Strike 0-1: Fly out, F7 (Flyball, 78M)
|
Batting: SHB Val Brown
|
0-0: Ball 1-0: Ball 2-0: Foul Ball, location: 2F 2-1: Ball 3-1: Foul Ball, location: 2F 3-2: Base on Balls
|
Batting: RHB Ángelo Saldaña
|
0-0: Called Strike 0-1: Called Strike 0-2: Ball 1-2: Ball 2-2: Strikes out looking
|
Batting: RHB Scott Peterson
|
0-0: SINGLE (Groundball, 6M) Val Brown to second
|
Batting: SHB David Vázquez
|
0-0: Called Strike 0-1: Swinging Strike 0-2: Ball 1-2: Fielders Choice at 2nd, 5-4 (Groundball, 56)
|
Top of the 8th over - 0 run(s), 1 hit(s), 0 error(s), 1 left on base; Myrtle Beach 1 - Sun Prairie 8 |
BOTTOM OF THE 8TH |
Sun Prairie Swallows batting - Pitching for Myrtle Beach Mermen : RHP Mauro Guzmán
|
Batting: RHB Jim Unknown
|
0-0: Ball 1-0: DOUBLE (Line Drive, 89M)
|
Batting: LHB Jim Unknown
|
0-0: Ball 1-0: Swinging Strike 1-1: Foul Ball, location: 2F 1-2: Ball 2-2: Strikes out swinging
|
Batting: RHB Juan Tapia
|
0-0: Ball 1-0: Called Strike 1-1: Foul Ball, location: 2F 1-2: DOUBLE (Groundball, 5L) Jim Unknown scores
|
Batting: RHB Jim Unknown
|
0-0: Fly out, F7 (Flyball, 7LSF)
|
Batting: RHB Jim Unknown
|
0-0: Swinging Strike 0-1: Ball 1-1: Ball 2-1: Ball 3-1: Foul Ball, location: 2F 3-2: Strikes out looking
|
Bottom of the 8th over - 1 run(s), 2 hit(s), 0 error(s), 1 left on base; Myrtle Beach 1 - Sun Prairie 9 |
TOP OF THE 9TH |
Myrtle Beach Mermen batting - Pitching for Sun Prairie Swallows : RHP Jim Unknown
|
Batting: RHB Oliver Aranda
|
0-0: Ball 1-0: Ball 2-0: SINGLE (Groundball, 34D)
|
Batting: SHB Carlos Carranza
|
0-0: Ball 1-0: Called Strike 1-1: Ball 2-1: Called Strike 2-2: Ball 3-2: SINGLE (Groundball, 34D) Oliver Aranda to second Runner from 2nd tries for 3rd, SAFE, throw made to third
|
Pitching: RHP Jim Unknown
|
|
Batting: RHB Álex Rodríguez
|
0-0: Ball 1-0: Foul Ball, location: 2F 1-1: Ball 2-1: Fly out, F8 (Flyball, 8LM) Runner from 3rd tags up, SCORES, no throw
|
Batting: LHB Steven Johnstone
|
0-0: Foul Ball, location: 2F 0-1: Ball 1-1: Ball 2-1: Foul Ball, location: 2F 2-2: SINGLE (Flyball, 9S) Carlos Carranza to second Runner from 2nd tries for 3rd, OUT!
|
Batting: RHB José Caballero
|
0-0: Called Strike 0-1: Foul Ball, location: 2F 0-2: Strikes out swinging
|
Top of the 9th over - 1 run(s), 3 hit(s), 0 error(s), 1 left on base; Myrtle Beach 2 - Sun Prairie 9 |
|